 Dungeon Crawl Stone Soup version 0.27-a0-1196-g3e9cee4cb2 (webtiles) character file.

Game seed: 13633945175473522474

500 Mesmaeker13 the Caller (level 7, 0/36 HPs)
             Began as a Tengu Summoner on May 28, 2021.
             Was an Initiate of Sif Muna.
             Slain by a white imp (4 damage)
             ... on level 5 of the Dungeon.
             The game lasted 00:08:09 (5862 turns).

Mesmaeker13 the Caller (Tengu Summoner)             Turns: 5862, Time: 00:08:10

Health: 0/36       AC:  4    Str:  9    XL:     7   Next: 16%
Magic:  12/14      EV: 16    Int: 17    God:    Sif Muna [......]
Gold:   292        SH:  0    Dex: 14    Spells: 4/14 levels left

rFire    . . .     SeeInvis .   r - +2 long sword (vorpal)
rCold    . . .     Faith    .   (no shield)
rNeg     + . .     Spirit   .   a - +0 robe
rPois    .         Reflect  .   (helmet restricted)
rElec    .         Harm     .   j - +0 cloak
rCorr    .         Rampage  .   t - +0 pair of gloves
Will     +++..     Clarity  +   (boots unavailable)
Stlth    ++........             q - amulet of the Four Winds {rN+ Will+++ Clar}
HPRegen  0.12/turn              (no ring)
MPRegen  0.14/turn              (no ring)

@: flying quickly and evasively, quick
A: beak, talons 3, nimble flight
a: Renounce Religion


You were on level 5 of the Dungeon.
You worshipped Sif Muna.
Sif Muna was noncommittal.
You visited 2 branches of the dungeon, and saw 6 of its levels.

You collected 292 gold pieces.

Inventory:

Hand Weapons
 h - a +1 dagger of draining
 r - a +2 vorpal long sword (weapon)
Missiles
 o - 4 javelins (quivered)
Armour
 a - a +0 robe (worn)
 j - a +0 cloak (worn)
 t - a +0 pair of gloves (worn)
Jewellery
 q - the amulet of the Four Winds (around neck) {rN+ Will+++ Clar}
   (You found it on level 4 of the Dungeon)

   [amulet of nothing]

   It protects you from negative energy.
   It protects you against confusion.
   It greatly increases your willpower.
Wands
 m - a wand of acid (2)
Scrolls
 d - 2 scrolls of enchant weapon {unknown}
 p - 2 scrolls of amnesia {unknown}
Potions
 b - a potion of haste
 c - a potion of curing
 e - a potion of mutation
 f - a potion of cancellation
 g - a potion of magic {unknown}
 i - 2 potions of ambrosia {unknown}
 k - a potion of berserk rage {unknown}
 l - a potion of might {unknown}
 n - a potion of lignification {unknown}
 s - a potion of heal wounds {unknown}


   Skills:
 + Level 4.8 Dodging
 - Level 2.0 Stealth
 + Level 4.1 Spellcasting
 + Level 6.8 Summonings
 + Level 2.6 Air Magic


You had 4 spell levels left.
You knew the following spells:

 Your Spells              Type           Power      Damage    Failure   Level
a - Summon Small Mammal   Summ           100%       N/A       1%          1
b - Call Imp              Summ           26%        N/A       1%          2
c - Call Canine Familiar  Summ           26%        N/A       2%          3
d - Summon Lightning Spi  Summ/Air       19%        N/A       22%         4

Your spell library contained the following spells:

 Spells                   Type           Power      Damage    Failure   Level
 Summon Guardian Golem    Hex/Summ       15%        N/A       12%         3
 Summon Ice Beast         Ice/Summ       15%        N/A       36%         4


Dungeon Overview and Level Annotations

Branches:
Dungeon (5/15)             Temple (1/1) D:4

Altars:
Ashenzari
Cheibriados
Dithmenos
Elyvilon
Fedhas
Gozag
Hepliaklqana
Kikubaaqudgha
Makhleb
Nemelex Xobeh
Okawaru
Qazlal
Ru
Sif Muna
Trog
Vehumet
Wu Jian
Xom
Yredelemnul
Zin


Innate Abilities, Weirdness & Mutations

You have a beak for a mouth.
You have claws for feet.
Your magical nature lets you fly swiftly and evasively.


Message History

The shadow imp hits you but does no damage.
Your crimson imp hits the shadow imp but does no damage.
The shadow imp barely misses your crimson imp.
Your crimson imp hits the shadow imp.
You hit the shadow imp.
The shadow imp is almost dead.
The shadow imp closely misses you.
Your crimson imp closely misses the shadow imp.
You closely miss the shadow imp. Your kick misses the shadow imp.
You peck the shadow imp, but do no damage.
The shadow imp is almost dead.
The shadow imp misses you.
Your crimson imp hits the shadow imp.
The shadow imp dies!
Sif Muna accepts your kill.
You swap places.
Your crimson imp blinks!
A white imp and an ufetubus come into view.
Your crimson imp disappears in a puff of smoke!
The white imp closely misses you.
You riposte.
You barely miss the white imp. Your kick misses the white imp.
You hit the white imp.
The white imp is moderately wounded.
The white imp gestures at you. The puff of frost hits you!
The white imp hits you but does no damage.
The white imp hits you.
* * * LOW HITPOINT WARNING * * *
The white imp freezes you.
* * * LOW HITPOINT WARNING * * *
Unknown command.
Okay, then.
You barely miss the white imp.
You claw the white imp, but do no damage.
Your peck misses the white imp.
The white imp is moderately wounded.
Your crimson imp blinks!
Your crimson imp hits the white imp.
The white imp hits you.
* * * LOW HITPOINT WARNING * * *
The white imp freezes you.
You die...

#.# .### #####.# ..5#
#.....#####.#.###
#.....5.........#
#.....####.##.#.#
#.....# #5#....# ##
#...§.# #.#....# .
###.######5#....# ..
#.#.......##@5....#
...##.#5#.###.#####.###
#.............#####.###
..##...##.........[#.#
..##......(..### ##.#.#
........5.#..#
##.###.####
#####........# #.##
##§..###### #.#..##.##
##.###.##.!..... #
#.......#
##.#h###§.#####


You could see a white imp (ally target) and 2 friendly crimson imps.

Vanquished Creatures
  A water moccasin (D:4)
  A scorpion (D:4)
  A wyvern skeleton (D:5)
  A hound (D:5)
  Crazy Yiuf (D:4)
  An iguana (D:5)
  An orc wizard (D:4)
  A hound skeleton (D:4)
  5 adders
  A shadow imp (D:4)
  An ufetubus (D:4)
  2 dart slugs
  5 orcs
  5 endoplasms
  2 giant cockroaches
  4 goblins
  5 hobgoblins
  8 jackals
  2 kobolds (D:1)
  2 quokkas
  2 ball pythons
  5 bats
  2 frilled lizards (D:1)
  4 rats
63 creatures vanquished.

Vanquished Creatures (collateral kills)
  A sky beast (D:5)
  A howler monkey (D:4)
  A bullfrog skeleton (D:3)
  A hound skeleton (D:4)
  An adder (D:3)
  A shadow imp (D:5)
  A dart slug (D:1)
  An orc (D:4)
  2 endoplasms (D:1)
  2 goblins (D:1)
  3 hobgoblins
  A kobold (D:1)
  A ball python (D:3)
17 creatures vanquished.

Grand Total: 80 creatures vanquished

Notes
Turn   | Place    | Note
-------+----------+-------------------------------------------
     0 | D:1      | Mesmaeker13 the Tengu Summoner began the quest for the Orb.
     0 | D:1      | Reached XP level 1. HP: 10/10 MP: 4/4
   400 | D:1      | Reached skill level 5 in Summonings
   400 | D:1      | Reached XP level 2. HP: 10/15 MP: 3/6
   685 | D:1      | Found a faded altar of an unknown god.
  1592 | D:1      | Reached XP level 3. HP: 18/19 MP: 7/7
  2051 | D:2      | Learned a level 2 spell: Call Imp
  3134 | D:2      | Reached XP level 4. HP: 24/24 MP: 9/9
  3852 | D:3      | Learned a level 3 spell: Call Canine Familiar
  4144 | D:4      | Gained mutation: Your magical nature lets you fly swiftly
                  | and evasively. [Tengu growth]
  4144 | D:4      | Reached XP level 5. HP: 11/28 MP: 7/10
  4474 | D:4      | Reached skill level 6 in Summonings
  4565 | D:4      | Found the amulet of the Four Winds {rN+ Will+++ Clar}
  4638 | D:4      | Learned a level 4 spell: Summon Lightning Spire
  4665 | D:4      | Reached XP level 6. HP: 32/32 MP: 3/12
  4805 | D:4      | Found a staircase to the Ecumenical Temple.
  4815 | Temple   | Entered the Ecumenical Temple
  4950 | Temple   | Became a worshipper of Sif Muna the Loreminder
  5029 | D:4      | Found a runed translucent door.
  5030 | D:4      | Noticed Crazy Yiuf
  5237 | D:4      | Killed Crazy Yiuf
  5238 | D:4      | Reached skill level 1 in Air Magic
  5435 | D:5      | Entered Level 5 of the Dungeon
  5435 | D:5      | Noticed a water moccasin
  5454 | D:4      | Killed a water moccasin
  5610 | D:5      | Noticed a sky beast
  5633 | D:5      | Killed a sky beast
  5653 | D:5      | Reached XP level 7. HP: 26/36 MP: 7/14
  5862 | D:5      | Slain by a white imp

Illustrated notes

Levels and vault maps discovered:
D:1:      tarquinn_simple_flora_water_c, layout_loops_corners,
          chequers_ecumenical_altar_simple_redux, minmay_heptomino_w4
D:2:      layout_loops_corners, nrook_campfire
D:3:      layout_rooms, kennysheep_decorative_pillar
D:4:      layout_rooms, lemuel_temple_firewalk_b, uniq_crazy_yiuf_cottage
D:5:      layout_loops_cross, gup_ossuary_entry_pyramid
Temple:   regret_index_temple_chain_breaker

Skill      XL: |  1  2  3  4  5  6 |
---------------+-------------------+-----
Summonings     | 5 6 |  6.8
Dodging        | 3 4 |  4.8
Spellcasting   | 3 4 |  4.1
Air Magic      | 2 |  2.6
Stealth        | |  2.0

Action                   |  1- 3 |  4- 6 |  7- 9 || total
-------------------------+-------+-------+-------++-------
Melee: Dagger            |    76 |    63 |     1 ||   140
       Kick              |    19 |    18 |     2 ||    39
       Peck              |     4 |    10 |     4 ||    18
       Long sword        |       |     3 |    12 ||    15
Throw: Javelin           |       |     3 |       ||     3
 Cast: Summon Small Mamm |    30 |     1 |       ||    31
       Call Imp          |     2 |    18 |     3 ||    23
       Call Canine Famil |       |     5 |     3 ||     8
Evoke: Wand              |       |     4 |       ||     4
  Use: Scroll            |     2 |       |       ||     2
       Potion            |       |     3 |       ||     3
 Stab: Sleeping          |     5 |     2 |       ||     7
Armor: Robe              |    13 |     8 |     5 ||    26
Dodge: Dodged            |    50 |    52 |    10 ||   112
       Rpst.: Long sword |       |     1 |     4 ||     5

Table legend: (Time is in decaauts)
 A = Elapsed time spent in this place.
 B = Non-inter-level travel time spent in this place.
 C = Inter-level travel time spent in this place.
 D = Time resting spent in this place.
 E = Time spent auto-exploring this place.
 F = Levels seen in this place.
 G = Mean time per level.
                   A        B        C        D        E       F      G
               +--------+--------+--------+--------+--------+-----+--------+
         Total |   5760 |   5549 |    211 |   1667 |   2885 |   6 |  960.0 |
       Dungeon |   5629 |   5426 |    203 |   1667 |   2767 |   5 | 1125.8 |
        Temple |    131 |    123 |      8 |      0 |    117 |   1 |  131.0 |
               +--------+--------+--------+--------+--------+-----+--------+

Top non-repeatable levels by time:
     D:1: 2009 daAuts
     D:4: 1467 daAuts
     D:2: 1250 daAuts
     D:3: 600 daAuts
     D:5: 300 daAuts
  Temple: 131 daAuts
